 Dungeon Crawl Stone Soup version 0.24.0-13-gcf9b3192b9 (webtiles) character file.

Game seed: 14809791454368669513, levelgen mode: deterministic

261 mopl the Sneak (level 5, 0/38 HPs)
             Began as a Demigod Enchanter on Nov 8, 2019.
             Slain by Crazy Yiuf
             ... wielding a +3 quarterstaff of chaos
              (3 damage)
             ... on level 3 of the Dungeon.
             The game lasted 00:08:04 (4321 turns).

mopl the Sneak (Demigod Enchanter)                  Turns: 4321, Time: 00:08:05

Health: 0/38       AC:  3    Str: 11    XL:     5   Next: 63%
Magic:  0/11       EV: 12    Int: 21    God:
Gold:   180        SH:  0    Dex: 16    Spells: 0/9 levels left

rFire    . . .     SeeInvis .   a - +1 dagger
rCold    . . .     Gourm    .   (no shield)
rNeg     . . .     Faith    .   b - +0 robe
rPois    .         Spirit   .   c - +0 helmet
rElec    .         Reflect  .   (no cloak)
rCorr    .         Harm     .   (no gloves)
MR       .....                  (no boots)
Stlth    +++.......             (no amulet)
HPRegen  0.12/turn              (no ring)
MPRegen  0.12/turn              (no ring)

@: very slightly contaminated
A: high mp 1
a: no special abilities


You were on level 3 of the Dungeon.
You were not hungry.

You visited 1 branch of the dungeon, and saw 3 of its levels.

You collected 180 gold pieces.

Inventory:

Hand Weapons
 a - a +1 dagger (weapon)
Missiles
 g - 7 curare-tipped darts (quivered)
Armour
 b - a +0 robe (worn)
 c - a +0 helmet (worn)
Scrolls
 f - a scroll of enchant weapon {unknown}
 h - a scroll of enchant armour {unknown}
 l - a scroll of remove curse
 n - 2 scrolls of fear {unknown}
 o - a scroll of amnesia {unknown}
Potions
 e - 3 potions of degeneration {unknown}
 j - 5 potions of curing {unknown}
 k - a potion of cancellation
 m - a potion of haste
 p - a potion of heal wounds
Comestibles
 d - 5 rations
 i - 6 chunks of flesh


   Skills:
 - Level 0.8 Short Blades
 - Level 1.7 Dodging
 * Level 4.2 Stealth
 + Level 2.6 Spellcasting
 + Level 1.1 Conjurations
 * Level 3.9 Hexes
 + Level 1.8 Ice Magic


You couldn't memorise any spells.
You knew the following spells:

 Your Spells              Type           Power        Failure   Level  Hunger
a - Corona                Hex            ###....      2%          1    None
b - Ensorcelled Hibernat  Hex/Ice        ##....       6%          2    ##.....
c - Confuse               Hex            ###.....     9%          3    ###....
g - Dazzling Spray        Conj/Hex       ##....       14%         3    ###....

Your spell library contained the following spells:

 Spells                   Type           Power        Failure   Level  Hunger
 Tukima's Dance           Hex            ###.....     9%          3    ###....


Dungeon Overview and Level Annotations

Branches:
Dungeon (3/15)

Annotations:
D:3 Crazy Yiuf


Innate Abilities, Weirdness & Mutations

You have an increased reservoir of magic. (+10% MP)


Message History

You feel your power leaking away.
Casting: Ensorcelled Hibernation (safe; 6% risk of failure)
Confirm with . or Enter, or press ? or * to list all spells.
Aiming: Confuse (safe; 9% risk of failure)
Press: ? - help, Shift-Dir - straight line, f/p - Crazy Yiuf
Aim: Crazy Yiuf, wielding a +3 quarterstaff of chaos and wearing a +0 cloak (severely wounded, unusually agile, chance to defeat MR: 58%)
You miscast Confuse.
You are very lightly contaminated with residual magic.
Multicoloured lights dance before your eyes!
Crazy Yiuf hits you with a +3 quarterstaff of chaos!
Casting: Confuse (safe; 9% risk of failure)
Confirm with . or Enter, or press ? or * to list all spells.
Aiming: Confuse (safe; 9% risk of failure)
Press: ? - help, Shift-Dir - straight line, f/p - Crazy Yiuf
Aim: Crazy Yiuf, wielding a +3 quarterstaff of chaos and wearing a +0 cloak (severely wounded, unusually agile, chance to defeat MR: 58%) Crazy Yiuf resists with significant effort.
Crazy Yiuf hits you with a +3 quarterstaff of chaos!
* * * LOW HITPOINT WARNING * * *
Crazy Yiuf freezes you.
You die...

#.###.....#####.### #.#
####.## #..# #.#
#...(#####.## ###
######.....### ###.....##
#..###..# ####♣♣ #### ##.##
##.# ##.#..♣♣ ♣♣#..)# #..#
#.# #......♣♣♣♣.@g..# ####
#.## #)......♣..♣#...# #..#
#.##...♣.♣♣♣ #### ####.#
#.###♣♣♣♣♣ #### #....# #.#
#..# #....# #÷# ###
####.###....# #.# #.#
#.##........)
#.########.######.######...#.
#.............##÷.# #...##


You could see Crazy Yiuf.

Vanquished Creatures
  An orc wizard (D:3)
  Jessica (D:2)
  Robin (D:2)
  7 adders
  A gnoll (D:3)
  2 oozes
  7 dart slugs
  3 leopard geckos
  4 orcs
  2 giant cockroaches
  14 goblins
  12 hobgoblins
  11 jackals
  6 kobolds
  3 quokkas
  4 ball pythons
  6 bats
  2 frilled lizards
  7 rats
94 creatures vanquished.

Notes
Turn   | Place    | Note
-------+----------+-------------------------------------------
     0 | D:1      | mopl the Demigod Enchanter began the quest for the Orb.
     0 | D:1      | Reached XP level 1. HP: 14/14 MP: 5/5
   486 | D:1      | Reached skill level 3 in Stealth
   545 | D:1      | Reached XP level 2. HP: 19/20 MP: 7/7
   551 | D:1      | Learned a level 2 spell: Ensorcelled Hibernation
  1584 | D:2      | Noticed Jessica
  1585 | D:2      | Found a stormy altar of Qazlal.
  1605 | D:2      | Killed Jessica
  1605 | D:2      | Reached XP level 3. HP: 18/26 MP: 8/8
  1880 | D:2      | Learned a level 3 spell: Dazzling Spray
  1937 | D:2      | Found a shadowy altar of Dithmenos.
  1969 | D:2      | Reached skill level 1 in Ice Magic
  1989 | D:2      | Reached XP level 4. HP: 33/33 MP: 10/10
  2910 | D:2      | Noticed Robin
  2941 | D:2      | Killed Robin
  3312 | D:3      | Reached XP level 5. HP: 31/38 MP: 4/11
  3466 | D:3      | Reached skill level 4 in Stealth
  3510 | D:3      | Reached skill level 1 in Conjurations
  4302 | D:3      | Learned a level 3 spell: Confuse
  4312 | D:3      | Found a runed translucent door.
  4313 | D:3      | Noticed Crazy Yiuf
  4321 | D:3      | Slain by Crazy Yiuf

Levels and vault maps discovered:
D:1:      dpeg_arrival_circle_labyrinth_c, layout_loops_corners,
          minmay_door_square
D:2:      layout_loops_ring, nicolae_qazlal_general_emergency,
          grunt_dithmenos_smoke, uniq_robin, uniq_jessica
D:3:      layout_rooms, minmay_circle_x, uniq_crazy_yiuf_cottage

Skill      XL: |  1  2  3  4  5 |
---------------+----------------+-----
Stealth        | 3 4 |  4.2
Hexes          | 3 |  3.9
Spellcasting   | 2 |  2.6
Ice Magic      | 1 |  1.8
Conjurations   | 1 |  1.1
Short Blades   | |  0.8
Dodging        | |  1.7

Action                   |  1- 3 |  4- 6 || total
-------------------------+-------+-------++-------
Melee: Dagger            |    91 |   188 ||   279
Throw: Dart              |     5 |     3 ||     8
 Cast: Corona            |     4 |       ||     4
       Ensorcelled Hiber |     2 |    45 ||    47
       Dazzling Spray    |       |     1 ||     1
       Confuse           |       |     1 ||     1
  Use: Scroll            |       |     4 ||     4
 Stab: Sleeping          |    12 |    31 ||    43
  Eat: Chunk             |     3 |    11 ||    14
Armor: Robe              |    22 |    39 ||    61
Dodge: Dodged            |    54 |   120 ||   174
